 Dungeon Crawl Stone Soup version 0.28-a0-1429-gf3d713df7a (webtiles) character file.

Game seed: 15289088063418680338

49 southernslant the Skirmisher (level 4, -5/35 HPs)
             Began as a Djinni Cinder Acolyte on Jan 9, 2022.
             Was a High Priest of Ignis.
             Killed from afar by Sigmund (6 damage)
             ... with a magic dart
             ... on level 2 of the Dungeon.
             The game lasted 00:04:21 (1297 turns).

southernslant the Skirmisher (DjCA)                 Turns: 1297, Time: 00:04:22

Health: -5/35      AC:  6    Str: 13    XL:     4   Next: 1%
Gold:   26         EV: 12    Int: 15    God:    Ignis [*****.] SH:  0 Dex: 11

rFire   + + +      SeeInvis .   a - -1 spear (flame)
rCold   x . .      Faith    .   (no shield)
rNeg    . . .      Spirit   .   b - +0 robe
rPois   ∞          Reflect  .   (no helmet)
rElec   .          Harm     .   (no cloak)
rCorr   .          Rampage  .   (no gloves)
Will    .....                   (boots unavailable)
Stlth   +.........              (no amulet)
HPRegen 0.11/turn               i - +4 ring of protection
MPRegen 0.00/turn               (no ring)

@: confused, flying, very slightly contaminated
A: sickness immunity, fire resistance 2, cold vulnerability 1, float, innate
caster, hp casting, extra vitality 1
a: Renounce Religion, Fiery Armour, Foxfire Swarm, Rising Flame


You were on level 2 of the Dungeon.
You worshipped Ignis.
Ignis was extremely pleased with you.
You visited 1 branch of the dungeon, and saw 2 of its levels.

You collected 26 gold pieces.

Inventory:

Hand Weapons
 a - a -1 spear of flaming (weapon)
Armour
 b - a +0 robe (worn)
Jewellery
 i - a +4 ring of protection (left hand)
Scrolls
 c - a scroll of teleportation {unknown}
 d - 2 scrolls of magic mapping {unknown}
 e - a scroll of identify {unknown}
 g - a scroll of enchant weapon {unknown}
 j - a scroll of acquirement {unknown}
 k - a scroll of immolation {unknown}
 l - a scroll of fear {unknown}


   Skills:
 * Level 3.1 Fighting
 * Level 2.6 Polearms
 * Level 1.0 Armour
 * Level 1.5 Dodging
 * Level 2.8 Spellcasting
 + Level 0.4 Invocations


You had 5 spell levels left.
You knew the following spells:

 Your Spells              Type           Power      Damage    Failure   Level
a - Scorch                Fire           20%        2d6       10%         2
b - Beastly Appendage     Tmut           20%        N/A       6%          1
Your spell library was empty.

Dungeon Overview and Level Annotations

Branches:
Dungeon (2/15)

Altars:

Annotations:
D:2 Sigmund


Innate Abilities, Weirdness & Mutations

You are immune to sickness and miasma.
You are immune to poison.
Your flesh is very heat resistant. (rF++)
You are vulnerable to cold. (rC-)
You float through the air rather than walking.
You learn spells naturally, not from books.
Your magical power is your life essence.
You have superior vitality. (+4 MHP)


Message History

You miscast Scorch.
You are very lightly contaminated with residual magic.
Nothing appears to happen.
* * * LOW HITPOINT WARNING * * *
Sigmund hits you but does no damage.
You don't have enough health to cast this spell.
You don't have enough health to cast this spell.
Casting: Scorch (safe; 10% risk of failure)
Confirm with . or Enter, or press ? or * to list all spells.
You don't have enough health to cast this spell.
Reach: a) -1 spear (flame)
Press: ? - help, Dir - move target, f - Sigmund
Aim: Sigmund, wielding a +0 scythe and wearing a +0 robe (lightly wounded, about 45% to evade your -1 spear of flaming)
You reach to attack!
You closely miss Sigmund.
Sigmund is lightly wounded.
Reach: a) -1 spear (flame)
Press: ? - help, Dir - move target, f/p - Sigmund
Aim: Sigmund, wielding a +0 scythe and wearing a +0 robe (lightly wounded, about 45% to evade your -1 spear of flaming)
You reach to attack!
You closely miss Sigmund.
Sigmund is lightly wounded.
Sigmund hits you but does no damage.
Reach: a) -1 spear (flame)
Press: ? - help, Dir - move target, f/p - Sigmund
Aim: Sigmund, wielding a +0 scythe and wearing a +0 robe (lightly wounded, about 45% to evade your -1 spear of flaming)
You reach to attack!
You barely miss Sigmund.
Sigmund is lightly wounded.
Sigmund points at you and mumbles some strange words.
You resist with some effort.
Reach: a) -1 spear (flame)
Press: ? - help, Dir - move target, f/p - Sigmund
Aim: Sigmund, wielding a +0 scythe and wearing a +0 robe (lightly wounded, about 45% to evade your -1 spear of flaming)
You reach to attack!
You hit Sigmund. You burn Sigmund.
Sigmund is moderately wounded.
You feel less wooden.
Your +0 robe unmelds from your body.
Sigmund gestures at you while chanting.
You are confused.
Sigmund casts a spell at you. The magic dart hits you.
You die...

#####.....####...#
#.[.....#....#.#
###.#.......####.#
.#..#....#### #.# ###
........## #.###.#
........########.....#
.....................#
........########.#####
......### #@#
...##.... #@# ..##
.### #)# .####.. ..#
.....# .#.. .......
#..#. ....(.. # . .#
####### . .. .<... ..
..


You could see Sigmund.

Vanquished Creatures
  Terence (D:2)
  A dart slug (D:2)
  3 ball pythons (D:1)
  4 bats
  2 endoplasms
  2 giant cockroaches (D:1)
  3 goblins
  2 hobgoblins (D:2)
  A frilled lizard (D:1)
  A rat (D:1)
20 creatures vanquished.

Notes
Turn   | Place    | Note
-------+----------+-------------------------------------------
     0 | D:1      | southernslant the Djinni Cinder Acolyte began the quest for
                  | the Orb.
     0 | D:1      | Reached XP level 1. HP: 20/20 MP: 0/0
   279 | D:1      | Reached XP level 2. HP: 17/25 MP: 0/0
   613 | D:1      | Reached skill level 1 in Dodging
   926 | D:1      | Found a faded altar of an unknown god.
  1191 | D:2      | Reached XP level 3. HP: 30/30 MP: 0/0
  1191 | D:2      | Learned a level 1 spell: Beastly Appendage
  1254 | D:2      | Noticed Terence
  1271 | D:2      | Noticed Sigmund
  1272 | D:2      | Killed Terence
  1273 | D:2      | Reached skill level 1 in Armour
  1273 | D:2      | Reached XP level 4. HP: 8/35 MP: 0/0
  1297 | D:2      | Killed from afar by Sigmund

Illustrated notes

Levels and vault maps discovered:
D:1:      eino_arrival_cavern_c, layout_loops_ring,
          ebering_ecumenical_altar_rust, serial_bayou_lagoon_b
D:2:      layout_rooms, uniq_jessica, uniq_terence, uniq_sigmund

Skill      XL: |  1  2  3 |
---------------+----------+-----
Dodging        | 1 |  1.5
Armour         | 1 |  1.0
Fighting       | |  3.1
Polearms       | |  2.6
Spellcasting   | |  2.8
Invocations    | |  0.4

Action                   |  1- 3 |  4- 6 || total
-------------------------+-------+-------++-------
Melee: Spear             |    92 |     9 ||   101
       Punch             |     1 |       ||     1
       Headbutt          |     3 |       ||     3
 Cast: Scorch            |     4 |       ||     4
       Beastly Appendage |     1 |       ||     1
  Use: Potion            |       |     2 ||     2
Armor: Robe              |    29 |       ||    29
       Skin              |       |     7 ||     7
Dodge: Dodged            |    50 |       ||    50

Table legend: (Time is in decaauts)
 A = Elapsed time spent in this place.
 B = Non-inter-level travel time spent in this place.
 C = Inter-level travel time spent in this place.
 D = Time resting spent in this place.
 E = Time spent auto-exploring this place.
 F = Levels seen in this place.
 G = Mean time per level.
                   A        B        C        D        E       F      G
               +--------+--------+--------+--------+--------+-----+--------+
         Total |   1293 |   1293 |      0 |      0 |   1083 |   2 |  646.5 |
       Dungeon |   1293 |   1293 |      0 |      0 |   1083 |   2 |  646.5 |
               +--------+--------+--------+--------+--------+-----+--------+

Top non-repeatable levels by time:
     D:1: 1044 daAuts
     D:2: 249 daAuts
